 Dungeon Crawl Stone Soup version 0.30.1-11-g7821555f0a (webtiles) character file.

Game seed: 15991601924007464502

43803 Peloso the Fencer (level 13, -14/122 HPs)
             Began as a Minotaur Fighter on Dec 14, 2023.
             Was a High Priest of Okawaru.
             Killed from afar by a wretched star (18 damage)
             ... with a lance of force
             ... on level 3 of the Abyss.
             The game lasted 00:41:40 (24336 turns).

Peloso the Fencer (Minotaur Fighter)               Turns: 24336, Time: 00:41:40

Health: -14/122    AC: 26    Str: 21    XL:     13   Next: 92%
Magic:  18/18      EV:  7    Int:  8    God:    Okawaru [*****.]
Gold:   1000       SH: 12    Dex: 11    Spells: 12/12 levels left

rFire   x . .        a - +0 double sword "Imyot" {protect, *Noise rPois Str+4}
rCold   + . .        d - +0 kite shield
rNeg    + . .        j - +0 plate armour
rPois   +            M - +2 hat {Stlth+}
rElec   .            (no cloak)
rCorr   .            v - +0 pair of gloves
SInv    .            H - +2 pair of boots of the Merchant {rF+ rC+ Int+3}
Will    +....        (no amulet) Stlth
                     l - ring of positive energy
HPRegen 0.40/turn    D - ring "Yzocs" {Will+ MP+9}
MPRegen 0.16/turn

%: no passive effects
@: under a protective aura, unable to drink
A: horns 2, retaliatory headbutt, [clumsy 2], [deformed body], [deterioration
2], [low MP 2], [weak 2], [heat vulnerability 2], [subdued magic 2], [inability
to drink after injury 2]
a: Renounce Religion, Heroism, Finesse, Duel


You were on level 3 of the Abyss.
You worshipped Okawaru.
Okawaru was extremely pleased with you.
You visited 4 branches of the dungeon, and saw 20 of its levels.
You visited the Abyss 1 time.

You collected 2080 gold pieces.
You spent 1080 gold pieces at shops.

Inventory:

Hand Weapons
 a - the +0 double sword "Imyot" (weapon) {protect, *Noise rPois Str+4}
   (Okawaru gifted it to you on level 5 of the Lair of Beasts)

   Str:       It affects your strength (+4).
   rPois:     It protects you from poison.
   *Noise:    It may make noises in combat.
 b - a +3 scimitar of flaming
Armour
 c - a +2 scale mail of cold resistance
 d - a +0 kite shield (worn)
 j - a +0 plate armour (worn)
 v - a +0 pair of gloves (worn)
 H - the +2 pair of boots of the Merchant (worn) {rF+ rC+ Int+3}
   (You bought it in a shop on level 2 of the Orcish Mines)

   Int:       It affects your intelligence (+3).
   rF:        It protects you from fire.
   rC:        It protects you from cold.
 M - a +2 hat of stealth (worn)
 N - a scarf of shadows
Jewellery
 l - a ring of positive energy (left hand)
 y - a ring of magical power
 D - the ring "Yzocs" (right hand) {Will+ MP+9}
   (You found it on level 7 of the Dungeon)

   [ring of magical power]

   MP:        It affects your magic capacity (+9).
   Will:      It increases your willpower.
 L - a +6 ring of intelligence
 O - a +4 ring of protection
Wands
 w - a wand of light (9)
 E - a wand of flame (48)
 F - a wand of polymorph (7)
 J - a wand of digging (8)
 P - a wand of iceblast (9)
Scrolls
 e - 2 scrolls of brand weapon
 f - a scroll of fear {unknown}
 h - 5 scrolls of poison
 i - 2 scrolls of amnesia
 k - 4 scrolls of enchant weapon
 m - 4 scrolls of magic mapping
 p - a scroll of silence
 q - 3 scrolls of fog
 u - 5 scrolls of teleportation
 z - 2 scrolls of enchant armour
 Q - 4 scrolls of identify
 R - a scroll of immolation {unknown}
 T - a scroll of acquirement {unknown}
 U - a scroll of torment {unknown}
Potions
 g - 4 potions of mutation
 n - 2 potions of ambrosia
 o - 4 potions of brilliance {unknown}
 r - a potion of invisibility {unknown}
 s - 3 potions of resistance {unknown}
 t - a potion of haste
 x - 2 potions of berserk rage {unknown}
 A - 3 potions of heal wounds {unknown}
 B - 2 potions of magic {unknown}
 C - a potion of degeneration {unknown}
 G - 3 potions of flight {unknown}
 K - a potion of curing
 V - a potion of might
Miscellaneous
 I - a tin of tremorstones (2/2)
 S - a box of beasts


   Skills:
 + Level 13.0 Fighting
 + Level 15.9 Long Blades
 + Level 14.9 Armour
 + Level 3.5 Dodging
 + Level 2.1 Stealth
 + Level 14.6 Shields
 + Level 0.2 Invocations
 + Level 1.7 Evocations


You had 12 spell levels left.
You didn't know any spells.
Your spell library contained the following spells:

 Spells                   Type           Power      Damage    Failure   Level
 Apportation              Tloc           0%         N/A       99%         1
 Beastly Appendage        Tmut           0%         N/A       99%         1
 Magic Dart               Conj           0%         1d3       99%         1
 Necrotise                Necr           0%         1d4       99%         1
 Slow                     Hex            0%         N/A       99%         1
 Blink                    Tloc           0%         N/A       100%        2
 Searing Ray              Conj           0%         2d4       100%        2
 Wereblood                Tmut           0%         N/A       100%        2
 Confusing Touch          Hex            0%         N/A       100%        3
 Hailstorm                Conj/Ice       0%         3d3       100%        3
 Inner Flame              Hex/Fire       0%         N/A       100%        3
 Mephitic Cloud           Conj/Pois/Air  0%         N/A       100%        3
 Portal Projectile        Hex/Tloc       0%         N/A       100%        3
 Spider Form              Tmut/Pois      0%         N/A       100%        3
 Vampiric Draining        Necr           0%         2d6       100%        3
 Fulminant Prism          Conj/Hex       0%         3d5       100%        4
 Ice Form                 Ice/Tmut       0%         N/A       100%        4
 Leda's Liquefaction      Hex/Erth       0%         N/A       100%        4
 Manifold Assault         Tloc           0%         N/A       100%        4
 Borgnjor's Vile Clutch   Necr/Erth      0%         N/A       100%        5
 Yara's Violent Unravell  Hex/Tmut       0%         3d3       100%        5
 Enfeeble                 Hex            0%         N/A       100%        7
 Storm Form               Tmut/Air       0%         N/A       100%        7
 Summon Small Mammal      Summ           Unusable   N/A       N/A         1
 Call Imp                 Summ           Unusable   N/A       N/A         2
 Call Canine Familiar     Summ           Unusable   N/A       N/A         3
 Summon Mana Viper        Hex/Summ       Unusable   N/A       N/A         5
 Simulacrum               Ice/Necr       Unusable   N/A       N/A         6
 Summon Cactus Giant      Summ           Unusable   N/A       N/A         6

Dungeon Overview and Level Annotations

Branches:
Dungeon (12/15)            Temple (1/1) D:5            Lair (5/5) D:9
  Swamp (0/4) Lair:2       Spider (0/4) Lair:2        Slime (0/5) Lair:5
    Orc (2/2) D:9             Elf (0/3) Orc:2

Altars:
Ashenzari
Cheibriados
Dithmenos
Elyvilon
Fedhas
Gozag
Hepliaklqana
Kikubaaqudgha
Makhleb
Nemelex Xobeh
Okawaru
Qazlal
Ru
Sif Muna
Trog
Uskayaw
Vehumet
Wu Jian
Xom
Yredelemnul
Zin
The Shining One
Jiyva

Shops:
D:1 ?   D:2 ?   D:3 *   Orc:2 *[![*

Annotations:
Lair:4 3 runed translucent doors, Bananafolds's ghost, journeyman MfSk


Innate Abilities, Weirdness & Mutations

You have a pair of horns on your head.
You reflexively headbutt those who attack you in melee.
[You are very clumsy. (Dex -4)]
[Armour fits poorly on your strangely shaped body.]
[Your body often deteriorates upon taking damage.]
[Your magical capacity is very low. (-20% MP)]
[You are very weak. (Str -4)]
[You are very vulnerable to heat. (rF--)]
[Your spells are easier to cast, but less powerful.]
[You sometimes lose the ability to drink potions when taking damage.]


Message History

The large abomination is almost destroyed.
Unknown command.
You hit the large abomination.
The large abomination is almost destroyed.
The large abomination hits you but does no damage.
Unknown command.
You barely miss the large abomination.
The large abomination is almost destroyed.
Unknown command.
You slash the large abomination!
You destroy the large abomination!
Okawaru accepts your kill.
Unknown command.
The wretched star pulses with an eldritch light!
You feel weaker. x2
A chaos spawn comes into view.
You see here a glowing shapeshifter corpse.
Unknown command.
The chaos spawn's many legs skitter faintly.
You hit the wretched star. Your headbutt misses the wretched star.
The wretched star is lightly damaged.
The wretched star pulses with an eldritch light!
You feel yourself wasting away.
You feel your body start to fall apart.
Unknown command.
You barely miss the wretched star.
The wretched star is lightly damaged.
You slash the wretched star! You headbutt the wretched star!
The wretched star is moderately damaged.
You slash the wretched star!
The wretched star is heavily damaged.
The wretched star pulses with an eldritch light!
You feel vulnerable to heat. x2
You hit the wretched star. Your headbutt misses the wretched star.
The wretched star is heavily damaged.
Unknown command.
You slash the wretched star! You headbutt the wretched star!
The wretched star is severely damaged.
The wretched star glows turbulently.
The lance of force hits you!!
You die...

. # v##. .. .
.... # #.##. #.
#...# #... ...
#### #
...#####..##..#.
. . ...
............. .
# .
...............
# . .......4..##
#... # ## ##. .
###@*# .# ..
#...#...#
######### ... .
# ..#.. . . φ


You could see a wretched star and a chaos spawn.

Vanquished Creatures
  Gastronok (Lair:1)
  An orc warlord (Orc:2)
  Snorg (D:10)
  Harold (D:10)
  A catoblepas (Lair:4)
  2 boulder beetles
  2 hydras (Lair:4)
  Erica (D:10)
  2 two-headed ogres
  3 orc high priests (Orc:1)
  2 thrashing horrors (Abyss:3)
  Urug (D:9)
  A wretched star (Abyss:3)
  2 skysharks
  A spatial maelstrom (Abyss:3)
  A glowing orange brain (shapeshifter) (Abyss:3)
  5 orc knights
  4 orc sorcerers (Orc:2)
  A manticore (D:11)
  3 cyclopes
  Maurice (Orc:1)
  5 slime creatures (D:12)
  2 black mambas
  A gargoyle (D:10)
  6 cane toads
  3 rime drakes (Lair:3)
  7 komodo dragons
  8 polar bears
  3 trolls
  15 blink frogs
  A hornet (D:10)
  A large abomination (Abyss:3)
  A jumping spider (Lair:2)
  A shadow (D:9)
  5 wraiths
  12 yaks
  A wyvern (D:9)
  2 basilisks (D:9)
  2 steam dragons
  4 wargs
  A harpy simulacrum (Abyss:3)
  2 acid dragons (D:11)
  2 small abominations (Abyss:3)
  7 water moccasins
  25 orc warriors
  Pargi (D:3)
  An ice beast (D:7)
  3 sky beasts
  An ogre (Orc:2)
  10 wolves
  7 centaurs
  4 kobold brigands
  9 bullfrogs
  2 gnoll sergeants
  11 killer bees
  An electric eel (Lair:4)
  6 howler monkeys
  6 hounds
  19 orc priests
  A jelly (D:5)
  5 iguanas
  15 orc wizards
  7 gnolls
  11 adders
  A shadow imp (D:8)
  A white imp (D:6)
  2 worms (D:2)
  A dart slug (D:4)
  75 orcs
  8 endoplasms
  4 giant cockroaches
  6 goblins
  9 hobgoblins
  9 jackals
  3 quokkas
  6 ball pythons
  3 bats
  2 frilled lizards (D:1)
  26 kobolds
  2 rats (D:2)
  A spectral hobgoblin (D:2)
433 creatures vanquished.

Vanquished Creatures (others)
  Psyche (D:8)
  An orc wizard (Orc:2)
  An orc (D:8)
3 creatures vanquished.

Grand Total: 436 creatures vanquished

Notes
Turn   | Place    | Note
-------+----------+-------------------------------------------
     0 | D:1      | Peloso the Minotaur Fighter began the quest for the Orb.
     0 | D:1      | Reached XP level 1. HP: 19/19 MP: 0/0
   111 | D:1      | Reached XP level 2. HP: 27/27 MP: 1/1
   648 | D:1      | Found Jotinicze's Magic Scroll Emporium.
   909 | D:2      | Found Apto's Magic Scroll Boutique.
   916 | D:2      | Reached XP level 3. HP: 33/33 MP: 2/2
   965 | D:2      | Reached skill level 3 in Long Blades
   990 | D:2      | Reached XP level 4. HP: 31/40 MP: 3/3
  1186 | D:2      | Reached skill level 1 in Dodging
  1288 | D:2      | Found a faded altar of an unknown god.
  1514 | D:1      | Bought a scroll of magic mapping for 75 gold pieces
  1828 | D:3      | Found Bitt's General Store.
  1993 | D:3      | Reached skill level 4 in Long Blades
  2098 | D:3      | Found a hide-covered altar of Uskayaw.
  2098 | D:3      | Found a sparkling altar of Nemelex Xobeh.
  2160 | D:3      | Noticed Pargi
  2175 | D:3      | Killed Pargi
  2176 | D:3      | Reached XP level 5. HP: 26/47 MP: 4/4
  2533 | D:4      | Reached skill level 5 in Long Blades
  2569 | D:4      | Reached XP level 6. HP: 47/53 MP: 5/5
  2613 | D:4      | Reached skill level 5 in Armour
  3146 | D:4      | Found a shadowy altar of Dithmenos.
  3282 | D:5      | Entered Level 5 of the Dungeon
  3319 | D:5      | Found a staircase to the Ecumenical Temple.
  3328 | Temple   | Entered the Ecumenical Temple
  3539 | D:5      | Found an iron altar of Okawaru.
  3541 | D:5      | Found a shimmering blue altar of Sif Muna.
  3737 | D:5      | Reached skill level 6 in Long Blades
  3881 | D:5      | Reached XP level 7. HP: 48/60 MP: 6/6
  3903 | D:5      | Reached skill level 5 in Shields
  4073 | D:5      | Found a shimmering altar of Xom.
  4075 | D:5      | Found a white marble altar of Elyvilon.
  4076 | D:5      | Found a glowing silver altar of Zin.
  4512 | D:5      | Reached skill level 5 in Fighting
  4601 | D:5      | Reached skill level 7 in Long Blades
  5102 | D:6      | Reached XP level 8. HP: 61/70 MP: 7/7
  6533 | D:7      | Identified the ring "Yzocs" {Will+ MP+9}
  6623 | D:7      | Reached skill level 8 in Long Blades
  7067 | D:8      | Reached XP level 9. HP: 78/78 MP: 8/8
  7105 | D:8      | Noticed Psyche
  7120 | D:8      | Killed Psyche
  7474 | D:8      | Reached skill level 9 in Long Blades
  8163 | D:9      | Found a staircase to the Orcish Mines.
  8328 | D:9      | Found a basalt altar of Yredelemnul.
  8432 | D:9      | Reached skill level 10 in Long Blades
  8989 | D:9      | Noticed a komodo dragon
  9457 | D:9      | Killed a komodo dragon
  9458 | D:9      | Reached skill level 1 in Stealth
  9469 | D:9      | Noticed a komodo dragon
  9482 | D:9      | Killed a komodo dragon
  9483 | D:9      | Reached XP level 10. HP: 59/86 MP: 9/9
  9593 | D:9      | Reached skill level 10 in Armour
  9763 | D:9      | Found a staircase to the Lair.
  9776 | D:9      | Noticed a two-headed ogre
  9781 | D:9      | Killed a two-headed ogre
  9782 | D:9      | Reached skill level 11 in Long Blades
  9963 | D:10     | Entered Level 10 of the Dungeon
 10124 | D:10     | Noticed Harold
 10151 | D:10     | Killed Harold
 10335 | D:10     | Noticed a boulder beetle
 10646 | D:10     | Killed a boulder beetle
 10923 | D:10     | Noticed a gargoyle
 10940 | D:10     | Killed a gargoyle
 10941 | D:10     | Reached skill level 1 in Evocations
 10972 | D:10     | Reached skill level 12 in Long Blades
 11216 | D:10     | Noticed Snorg
 11323 | D:5      | Became a worshipper of Warmaster Okawaru
 11695 | D:10     | Killed Snorg
 11696 | D:10     | Reached XP level 11. HP: 90/95 MP: 10/10
 11766 | D:10     | Noticed Erica
 11785 | D:10     | HP: 4/95 [something (5)]
 11788 | D:10     | Killed Erica
 11788 | D:10     | Reached * piety under Okawaru
 12192 | D:10     | Found a sacrificial altar of Ru.
 12249 | D:11     | Noticed a two-headed ogre
 12257 | D:11     | Killed a two-headed ogre
 12257 | D:11     | Reached ** piety under Okawaru
 13311 | Lair:1   | Entered Level 1 of the Lair of Beasts
 13395 | Lair:1   | Reached skill level 13 in Long Blades
 13425 | Lair:1   | Noticed Gastronok
 13457 | Lair:1   | Killed Gastronok
 13458 | Lair:1   | Reached skill level 10 in Shields
 13607 | Lair:1   | Reached *** piety under Okawaru
 14514 | Lair:2   | Found a staircase to the Swamp.
 14679 | Lair:2   | Reached **** piety under Okawaru
 14691 | Lair:2   | Reached skill level 14 in Long Blades
 14924 | Lair:2   | Found a hole to the Spider Nest.
 15432 | Lair:3   | Reached XP level 12. HP: 52/106 MP: 11/11
 16656 | D:1      | Bought 2 scrolls of magic mapping for 150 gold pieces
 16865 | Orc:1    | Entered Level 1 of the Orcish Mines
 16865 | Orc:1    | Noticed Urug
 17018 | D:9      | Killed Urug
 17019 | D:9      | Reached skill level 10 in Fighting
 17612 | Orc:1    | Noticed Maurice
 17626 | Orc:1    | Killed Maurice
 17836 | Orc:2    | Entered Level 2 of the Orcish Mines
 17836 | Orc:2    | Found a staircase to the Elven Halls.
 18135 | Orc:2    | Noticed an orc high priest
 18141 | Orc:2    | Noticed an orc high priest
 18147 | Orc:1    | Killed an orc high priest
 18240 | Orc:1    | Killed an orc high priest
 18240 | Orc:1    | Reached ***** piety under Okawaru
 18443 | Orc:2    | Noticed an orc high priest
 18695 | Orc:1    | Killed an orc high priest
 19055 | Orc:2    | Identified the +2 hat of the Page of Swords {-Cast rElec
                  | rN+++ Dex-3} (Okawaru gifted it to you on level 2 of the
                  | Orcish Mines)
 19055 | Orc:2    | Received a gift from Okawaru
 19539 | Orc:2    | Found Covoynnauhi's Armour Boutique.
 19539 | Orc:2    | Found Oruhogom's Assorted Antiques.
 19540 | Orc:2    | Found Umuudust's Distillery.
 19540 | Orc:2    | Found Buosar's Armour Shoppe.
 19547 | Orc:2    | Bought a scroll labelled YSKUSE QI RALU for 30 gold pieces
 19559 | Orc:2    | Bought the +2 pair of boots of the Merchant {rF+ rC+ Int+3}
                  | for 585 gold pieces
 19577 | Orc:2    | Bought a glowing scarf for 240 gold pieces
 19818 | Orc:2    | Found Cekahy's Assorted Antiques.
 20076 | Orc:2    | Noticed an orc warlord
 20119 | Orc:2    | Killed an orc warlord
 20120 | Orc:2    | Reached skill level 15 in Long Blades
 20120 | Orc:2    | Reached XP level 13. HP: 85/116 MP: 12/12
 21938 | Lair:4   | Found a runed translucent gate.
 21938 | Lair:4   | Found a runed translucent gate.
 21938 | Lair:4   | Found a runed translucent gate.
 22089 | Lair:4   | Got Sif Muna's Papyrus of Leadership and Mud
 22204 | Lair:4   | Noticed Bananafolds's ghost (journeyman MfSk)
 22994 | Lair:5   | Entered Level 5 of the Lair of Beasts
 23743 | Lair:5   | Received a gift from Okawaru
 23788 | Lair:5   | Identified the +0 double sword "Imyot" {protect, *Noise
                  | rPois Str+4} (Okawaru gifted it to you on level 5 of the
                  | Lair of Beasts)
 23788 | Lair:5   | Received a gift from Okawaru
 23946 | Lair:5   | Found a viscous altar of Jiyva.
 23948 | Lair:5   | Found a staircase to the Slime Pits.
 24171 | Abyss:3  | Cast into level 3 of the Abyss (spriggan rider)
 24195 | Abyss:3  | Found a corrupted altar of Lugonu.
 24325 | Abyss:3  | HP: 1/122 [large abomination (19)]
 24336 | Abyss:3  | Killed from afar by a wretched star

Illustrated notes

Levels and vault maps discovered:
D:1:      ncdulo_halloftheorcs, layout_loops_cross, serial_shops,
          nicolae_shop_rolled_up, item_on_display_a
D:2:      layout_rooms, dreamdust_ecumenical_altar_drowned_temple, serial_shops,
          shop
D:3:      layout_loops_cross, gammafunk_temple_overflow_elements, serial_shops,
          shop, minmay_misc_feat_tiny, corexii_shack, uniq_pargi
D:4:      layout_loops_ring, lemuel_doored_altar
D:5:      layout_basic, nicolae_overflow_hidden_temple,
          minmay_temple_entry_tees, nicolae_eternal_life
D:6:      layout_layer_cave
D:7:      layout_rooms
D:8:      layout_basic, hangedman_decor_clover_reticule, uniq_psyche
D:9:      layout_loops_ring, overflow_temple_1_default, erik_lair_dragon,
          orc_david_3
D:10:     layout_basic, nicolae_ru_path_of_blood, uniq_snorg, uniq_erica,
          uniq_harold
D:11:     layout_basic
D:12:     layout_irregular_city
Temple:   nicolae_temple_bog_church
Lair:1:   layout_concentric_octagons, lemuel_fruit_fields, uniq_gastronok
Lair:2:   layout_chaotic_city, swamp_mist_pool, spider_nest_entry_a
Lair:3:   layout_regular_city, infiniplex_staircase_pool, serial_bayou_shore_b
Lair:4:   layout_cave_pods, gammafunk_ghost_icy, small_statue_intersection,
          serial_bayou_shore_a
Lair:5:   minmay_lair_end_enchanted_forest, layout_layer_cave, slime_entry_1,
          grunt_megastairs_5
Orc:1:    layout_diamond_mine, uniq_urug, uniq_maurice
Orc:2:    st_orc_elflike, layout_caves, serial_shops,
          nicolae_shop_tiny_waterfront
Abyss:3:  base: D:10, base: D:3, evilmike_abyss_exit_16,
          spicy_abyss_rude_harpoons, hangedman_abyss_rune_flesh_and_stone

Skill      XL: |  1  2  3  4  5  6  7  8  9 10 11 12 13 |
---------------+----------------------------------------+-----
Shields        | 4 5 6 7 9 11 13 14 | 14.6
Fighting       | 4 6 7 8 9 11 13 | 13.0
Armour         | 4 5 6 8 9 11 12 13 14 | 14.9
Long Blades    | 3 4 5 6 7 8 10 12 14 15 | 15.9
Dodging        | 1 2 3 |  3.5
Stealth        | 1 2 |  2.1
Evocations     | 1 |  1.7
Invocations    | |  0.2

Action                     |  1- 3 |  4- 6 |  7- 9 | 10-12 | 13-15 || total
---------------------------+-------+-------+-------+-------+-------++-------
  Melee: Long sword        |    71 |   175 |   454 |   175 |       ||   875
         Headbutt          |    10 |    29 |    92 |   172 |   107 ||   410
         Unarmed           |       |       |     3 |       |       ||     3
         Scimitar          |       |       |       |   493 |   284 ||   777
         Double sword      |       |       |       |       |   151 ||   151
 Invoke: Heroism           |       |       |       |     5 |     2 ||     7
  Evoke: Wand              |       |       |     5 |     4 |     1 ||    10
         Tin of tremorston |       |       |       |     3 |       ||     3
    Use: Potion            |     2 |       |     1 |    10 |       ||    13
         Scroll            |       |     5 |     7 |     3 |       ||    15
   Stab: Invisible         |       |       |     1 |       |       ||     1
 Armour: Scale mail        |    41 |    39 |       |       |       ||    80
         Chain mail        |       |    51 |   108 |       |       ||   159
         Plate armour      |       |       |   187 |   277 |   237 ||   701
         Skin              |       |       |     5 |       |       ||     5
  Dodge: Dodged            |    40 |    79 |   176 |   171 |   119 ||   585
  Block: Buckler           |    20 |    50 |   148 |       |       ||   218
         Kite shield       |       |       |    20 |   396 |   318 ||   734
